 Dungeon Crawl Stone Soup version 0.17-a0-1769-g54adf96 (webtiles) character file.

217 shakdrar the Firebug (level 5, -3/28 HPs)
             Began as a Deep Elf Fire Elementalist on Sept 7, 2015.
             Slain by PeterLawrence's ghost (20 damage)
             ... on level 4 of the Dungeon.
             The game lasted 00:14:54 (3734 turns).

shakdrar the Firebug (Deep Elf Fire Elementalist)   Turns: 3734, Time: 00:14:55

Health: -3/28      AC:  4    Str:  6    XL:     5   Next: 61%
Magic:  11/14      EV: 13    Int: 20    God:
Gold:   193        SH:  0    Dex: 15    Spells: 4 memorised, 3 levels left

rFire  . . .     SeeInvis .     e - +3 dagger (elec)
rCold  . . .     Clarity  .     a - +0 robe
rNeg   . . .     SustAt   .     (no shield)
rPois  .         Gourm    .     g - +0 helmet
rElec  .         Spirit   .     d - +0 cloak
rCorr  .         Warding  .     (no gloves)
rMut   .         Stasis   .     (no boots)
MR     .....                    (no amulet)
Stlth  ++........               (no ring)
                                (no ring)

@: not resistant to hostile enchantments, unstealthy
A: no striking features
a: no special abilities


You were on level 4 of the Dungeon.
You were hungry.

You visited 1 branch of the dungeon, and saw 4 of its levels.

You collected 193 gold pieces.

Inventory:

Hand weapons
 e - a +3 dagger of electrocution (weapon)
Missiles
 h - 16 poisoned needles
Armour
 a - a +0 robe (worn)
 d - a +0 cloak (worn)
 g - a +0 helmet (worn)
 q - the +2 leather armour of the Nine Suns {rC+ Stlth+, unknown}
   (You took it off an orc on level 4 of the Dungeon)

   It protects you from cold.
   It makes you more stealthy.
Magical devices
 k - a wand of magic darts (9)
 m - a wand of hasting (4)
Scrolls
 j - a scroll of teleportation
Potions
 l - a potion of heal wounds
 n - a potion of curing
Books
 b - a book of Flames

   Spells                             Type                      Level
   a - Flame Tongue                   Conjuration/Fire             1
   b - Throw Flame                    Conjuration/Fire             2
   c - Conjure Flame                  Conjuration/Fire             3
   d - Inner Flame                    Hexes/Fire                   3
   e - Sticky Flame                   Conjuration/Fire             4
   f - Fireball                       Conjuration/Fire             5
Comestibles
 c - 3 bread rations
 f - a beef jerky
 i - a meat ration
 o - 2 slices of pizza


   Skills:
 - Level 2.4 Dodging
 - Level 2.4 Stealth
 + Level 4.8 Spellcasting
 + Level 2.9 Conjurations
 * Level 5.5 Fire Magic


You had 3 spell levels left.
You knew the following spells:

 Your Spells              Type           Power        Failure   Level  Hunger
a - Flame Tongue          Conj/Fire      ###..        2%          1    None
b - Throw Flame           Conj/Fire      ###...       3%          2    #......
c - Conjure Flame         Conj/Fire      ###.....     10%         3    ##.....
d - Sticky Flame          Conj/Fire      ###.....     24%         4    ####...


Dungeon Overview and Level Annotations

Branches:
Dungeon (4/15)
 Temple: D:4-7

Altars:
Elyvilon
Makhleb
Ru
Trog
The Shining One

Annotations:
D:4 PeterLawrence's ghost, experienced MiFi


Message History

Casting: Conjure Flame
Confirm with . or Enter, or press ? or * to list all spells.
Aiming: Conjure Flame
Press: ? - help, Dir - move target cursor The fire roars!
You are feeling hungry.
You hit PeterLawrence's ghost but do no damage.
PeterLawrence's ghost is engulfed in roaring flames.
PeterLawrence's ghost closely misses you.
You barely miss PeterLawrence's ghost.
PeterLawrence's ghost is moderately damaged.
PeterLawrence's ghost is engulfed in roaring flames.
PeterLawrence's ghost lets out a mournful wail.
PeterLawrence's ghost hits you!
You hit PeterLawrence's ghost but do no damage.
PeterLawrence's ghost is moderately damaged.
PeterLawrence's ghost is engulfed in roaring flames.
PeterLawrence's ghost hits you!!
Ouch! That really hurt!
You die...

#######.# #.# #. #.# #.# #. #.#
#.# #. #.# #.###### #. #.#
#.#....# #. #.# #.#....# #. #.#
#.#....#####.
...###.#############.#..........
....†..........W@...#.#....#####.
....###.###########.#.#......# #.
.. #.= ........)..#.#.#.###. ###
...............#...#.
########.<.....###.#.
#...........#.
#######.......#####.
....................
#######......[#####.


You could see PeterLawrence's ghost.

Vanquished Creatures
  An orc wizard (D:3)
  A worker ant (D:4)
  Natasha (twice) (D:3)
  5 adders
  5 worms
  A giant gecko (D:2)
  7 orcs
  8 bats
  5 giant cockroaches
  4 goblins
  3 hobgoblins
  3 jackals
  4 kobolds
  5 quokkas
  A ball python (D:1)
  A giant gecko skeleton (D:4)
  3 giant newts
  5 rats
64 creatures vanquished.

Notes
Turn   | Place    | Note
--------------------------------------------------------------
     0 | D:1      | shakdrar the Deep Elf Fire Elementalist began the quest for the Orb.
     0 | D:1      | Reached XP level 1. HP: 10/10 MP: 6/6
   450 | D:1      | Reached XP level 2. HP: 15/15 MP: 5/8
   663 | D:1      | You fall through a shaft!
   772 | D:2      | Learned a level 2 spell: Throw Flame
  1196 | D:2      | Reached XP level 3. HP: 19/19 MP: 8/10
  1485 | D:2      | Reached skill level 4 in Spellcasting
  1527 | D:2      | Learned a level 3 spell: Conjure Flame
  1875 | D:2      | Reached XP level 4. HP: 22/24 MP: 4/12
  2182 | D:3      | Noticed Natasha
  2342 | D:3      | Killed Natasha
  2476 | D:3      | Found a burning altar of Makhleb.
  2601 | D:3      | Reached skill level 5 in Fire Magic
  2601 | D:3      | Reached XP level 5. HP: 25/28 MP: 4/13
  2667 | D:3      | Noticed Natasha
  2679 | D:3      | Killed Natasha
  3162 | D:4      | Learned a level 4 spell: Sticky Flame
  3188 | D:4      | Found a bloodstained altar of Trog.
  3256 | D:4      | Found a glowing golden altar of the Shining One.
  3259 | D:4      | Found a sacrificial altar of Ru.
  3264 | D:4      | Found a white marble altar of Elyvilon.
  3423 | D:4      | Got a warped leather armour
  3626 | D:4      | Noticed PeterLawrence's ghost (experienced MiFi)
  3734 | D:4      | Slain by PeterLawrence's ghost

Vault maps used:
D:1:      erik_arrival_triangle_small, minmay_misc_feat_cross
D:2:      grunt_ministairs_8
D:3:      bloody_makhleb, uniq_natasha
D:4:      grunt_temple_overflow_diamond, lemuel_doored_altar, first_bread,
          dk_vineyard_1

Action                   |  1- 3 |  4- 6 || total
-------------------------+-------+-------++-------
Melee: Dagger            |     9 |     9 ||    18
 Cast: Flame Tongue      |    56 |    49 ||   105
       Throw Flame       |     8 |    26 ||    34
       Conjure Flame     |       |     1 ||     1
  Use: Scroll            |     5 |     3 ||     8
       Potion            |     2 |     1 ||     3
 Stab: Sleeping          |     1 |       ||     1
  Eat: Beef jerky        |     1 |       ||     1
       Chunk             |     1 |     1 ||     2
       Meat ration       |       |     1 ||     1
